AoeStats
← jcdmf0312

Black Forest

509108524Analyzed
3v3 RM · 6d ago on Sep 25, 2026· 103m 5s· 6 players
Game mode
Random Map
Map size
Normal (6 player)
Population
200
Speed
Normal
Resources
Standard
Victory
Conquest
Starting age
Dark Age
Ending age
Imperial Age
RankedLock teamsTeams togetherTeam positionsShared explorationLock speedFull tech treeHidden civsTurbo modeCheats
Victory
Defeat
🇦🇷 Persians · Argentina
705
+13
🇮🇳 Jurchens · India
634
+16
🇨🇳 Chinese · China
477
+23
🇩🇪 Romans · Germany
647
-18
🇸🇮 Gurjaras · Slovenia
636
-17
🇬🇧 Koreans · United Kingdom
620
-17
TomaszTomasson
12:25 Feudal Age
12:42 Man-at-Arms
14:36 Wheelbarrow
15:40 Double-Bit Axe
16:09 Horse Collar
16:26 Gold Mining
16:45 Stone Mining
23:28 Castle Age
22:53 Scale Barding Armor
23:00 Forging
25:02 Chain Barding Armor
25:35 Caravan
27:30 Gold Shaft Mining
26:59 Heavy Plow
27:28 Bow Saw
28:35 Hand Cart
30:43 Iron Casting
35:41 Imperial Age
38:12 Chemistry
38:17 Ballistics
39:28 Heavy Scorpion
42:30 Plate Barding Armor
42:56 Blast Furnace
43:19 Conscription
43:57 Elite Centurion
47:48 Ballistas
50:17 Loom
67:48 Comitatenses
85:11 Onager
^LoZo^
2:39 Loom
12:59 Feudal Age
14:17 Double-Bit Axe
19:50 Castle Age
17:53 Gold Mining
17:47 Fishing Lines
25:46 Bow Saw
27:13 Scale Barding Armor
27:08 Scale Mail Armor
27:18 Forging
27:10 Gillnets
27:55 Stone Mining
28:43 Gold Shaft Mining
30:34 Ballistics
30:05 Heated Shot
32:11 Husbandry
32:24 Bloodlines
34:49 Imperial Age
33:47 Chain Barding Armor
33:43 Chain Mail Armor
34:03 Iron Casting
34:12 Wheelbarrow
34:52 Stone Shaft Mining
34:31 Kshatriyas
35:52 Hand Cart
36:01 Elite Shrivamsha Rider
37:07 Conscription
38:57 Frontier Guards
39:40 Elite Chakram Thrower
44:42 Chemistry
43:54 Fortified Wall
43:42 Murder Holes
44:29 Hoardings
45:03 Plate Mail Armor
45:08 Plate Barding Armor
45:25 Caravan
46:11 Plate Barding Armor
45:39 Heavy Camel Rider
48:54 Light Cavalry
54:14 Horse Collar
55:11 Coinage
55:23 Fletching
55:33 Padded Archer Armor
55:50 Fortified Wall
58:36 Hussar
60:03 Bodkin Arrow
60:24 Leather Archer Armor
80:21 Banking
85:24 Elite Skirmisher
89:53 Bracer
THE TERMiNAT0RR
0:27 Loom
13:14 Feudal Age
14:33 Wheelbarrow
13:56 Double-Bit Axe
21:25 Castle Age
20:48 Horse Collar
21:00 Stone Mining
21:06 Fletching
23:46 Hand Cart
26:01 Bow Saw
29:32 Heavy Plow
31:37 Caravan
34:37 Gold Mining
37:50 Imperial Age
36:40 Gold Shaft Mining
36:55 Ballistics
36:16 Treadmill Crane
37:00 Squires
36:21 Pikeman
36:52 Town Watch
38:54 Conscription
40:06 Chemistry
38:57 Elite War Wagon
39:38 Halberdier
43:55 Shinkichon
56:00 Light Cavalry
56:41 Husbandry
57:21 Hussar
59:28 Eupseong
FluxyAshYT
1:22 Loom
15:18 Feudal Age
17:17 Double-Bit Axe
18:29 Gold Mining
20:52 Castle Age
19:02 Horse Collar
19:16 Stone Mining
22:14 Fishing Lines
23:48 Gold Shaft Mining
32:49 Imperial Age
31:30 Wheelbarrow
31:07 Forging
31:05 Scale Barding Armor
31:13 Bow Saw
30:57 Fletching
31:44 Heavy Plow
34:20 Thunderclap Bombs
35:14 Chemistry
33:57 Treadmill Crane
35:18 Chemistry
35:11 Elite Iron Pagoda
38:49 Chain Barding Armor
38:30 Padded Archer Armor
38:26 Bodkin Arrow
39:13 Conscription
43:43 Squires
44:15 Pikeman
45:18 Halberdier
47:06 Iron Casting
46:34 Scale Mail Armor
46:37 Bracer
46:29 Elite Skirmisher
50:40 Chain Mail Armor
50:29 Caravan
59:04 Light Cavalry
59:56 Bloodlines
59:48 Husbandry
65:25 Hussar
88:20 Blast Furnace
87:57 Plate Barding Armor
jcdmf0312
0:30 Loom
12:58 Feudal Age
14:09 Double-Bit Axe
22:40 Castle Age
21:27 Horse Collar
21:42 Stone Mining
21:42 Gold Mining
23:29 Wheelbarrow
22:39 Town Watch
27:34 Bow Saw
28:21 Bloodlines
28:12 Husbandry
29:02 Hand Cart
28:48 Town Patrol
31:32 Imperial Age
30:42 Scale Barding Armor
30:48 Forging
31:08 Murder Holes
31:34 Ballistics
31:25 Masonry
32:00 Gold Shaft Mining
31:42 Heavy Plow
33:37 Conscription
37:18 Chain Barding Armor
37:34 Iron Casting
36:50 Fletching
37:50 Crop Rotation
38:35 Two-Man Saw
37:05 Heavy Camel Rider
39:19 Chemistry
39:26 Cavalier
41:38 Plate Barding Armor
42:04 Blast Furnace
42:45 Padded Archer Armor
43:04 Savar
50:07 Leather Archer Armor
49:47 Bodkin Arrow
49:54 Scale Mail Armor
51:45 Kamandaran
51:56 Citadels
55:31 Guilds
60:00 Thumb Ring
60:56 Stone Shaft Mining
62:28 Caravan
64:28 Light Cavalry
65:20 Hussar
69:17 Capped Ram
71:26 Pikeman
72:07 Squires
71:53 Gambesons
71:54 Arson
72:08 Halberdier
74:18 Chain Mail Armor
74:34 Ring Archer Armor
75:58 Siege Ram
76:50 Onager
79:34 Plate Mail Armor
81:27 Coinage
85:55 Elite Skirmisher
91:25 Architecture
梦仔
14:21 Feudal Age
15:22 Double-Bit Axe
15:30 Horse Collar
16:02 Gold Mining
18:06 Wheelbarrow
17:17 Loom
21:35 Stone Mining
25:48 Castle Age
25:27 Bloodlines
25:08 Arson
24:44 Man-at-Arms
25:42 Forging
25:23 Fletching
25:34 Padded Archer Armor
25:34 Scale Mail Armor
25:40 Scale Barding Armor
28:39 Bow Saw
29:08 Gold Shaft Mining
29:12 Stone Shaft Mining
28:45 Heavy Plow
29:59 Bodkin Arrow
30:40 Iron Casting
33:07 Hand Cart
33:15 Leather Archer Armor
35:57 Imperial Age
34:21 Murder Holes
33:58 Elite Skirmisher
34:41 Squires
35:11 Husbandry
35:43 Ballistics
35:17 Pikeman
35:32 Light Cavalry
37:50 Chemistry
38:51 Masonry
38:28 Arrowslits
39:19 Thumb Ring
39:03 Heavy Rocket Cart
41:52 Two-Man Saw
40:19 Heavy Scorpion
42:44 Conscription
41:55 Sappers
42:45 Great Wall
43:02 Atonement
43:14 Fervor
43:26 Sanctity
43:09 Devotion
43:37 Illumination
43:31 Block Printing
44:11 Elite Chu Ko Nu
47:26 Rocketry
48:13 Bracer
49:15 Blast Furnace
48:46 Ring Archer Armor
57:44 Caravan
58:15 Coinage
75:27 Banking
78:40 Chain Mail Armor
78:46 Chain Barding Armor
79:00 Architecture
79:12 Theocracy
78:33 Herbal Medicine
79:37 Faith
85:17 Cavalier
85:49 Crossbowman
94:28 Plate Mail Armor
94:35 Plate Barding Armor
Connection lost

Rejoining the realm…

Still unreachable

The connection could not be restored.

Session expired

The server has moved on; the page needs a fresh start.